 Dungeon Crawl Stone Soup version 0.28-a0-1033-g1a2f33fa85 (webtiles) character file.

Game seed: 2072782691386128391

18977 Randoe the Basher (level 12, -1/162 HPs)
             Began as a Minotaur Berserker on Dec 7, 2021.
             Was a High Priest of Trog.
             Succumbed to a naga ritualist's toxic radiance
             ... on level 1 of the Snake Pit.
             The game lasted 00:35:23 (12873 turns).

Randoe the Basher (Minotaur Berserker)             Turns: 12873, Time: 00:35:23

Health: -1/162     AC: 26    Str: 22    XL:     12   Next: 32%
Magic:  0/11       EV:  2    Int: 12    God:    Trog [*****.]
Gold:   554        SH:  7    Dex: 15    Spells: 11/11 levels left

rFire   . . .      SeeInvis .   G - +3 mace (flame)
rCold   . . .      Faith    +   r - +1 buckler
rNeg    + . .      Spirit   .   (armour currently unavailable)
rPois   +          Reflect  .   (helmet currently unavailable)
rElec   .          Harm     .   (cloak currently unavailable)
rCorr   +          Rampage  .   (gloves currently unavailable)
Will    ++...      NoTele   +   (boots currently unavailable)
Stlth   +.........              e - amulet of faith
HPRegen 1.37/turn               j - +5 ring of evasion
MPRegen 0.12/turn               C - ring "Eqyc" {rN+ rCorr Int+6 Dex+2}

@: lethally poisoned (-1 -> -16), tree-form, strong-willed, regenerating
A: stationary, stasis, torment immunity, boosted hp, (horns 2), (retaliatory
headbutt)
a: Renounce Religion, Berserk, Trog's Hand, Brothers in Arms


You were on level 1 of the Snake Pit.
You worshipped Trog.
Trog was extremely pleased with you.
You were a tree.
You visited 3 branches of the dungeon, and saw 11 of its levels.
You also visited: Ossuary.

You collected 1104 gold pieces.
You spent 550 gold pieces at shops.

Inventory:

Hand Weapons
 c - a +0 whip of flaming
 q - a +2 quarterstaff of chaos
 B - a +1 mace of protection
 G - a +3 mace of flaming (weapon)
Missiles
 y - 10 poisoned darts
 F - 9 boomerangs
Armour
 a - a +0 tower shield
 d - a +2 hat (melded)
 l - a +1 chain mail (melded)
 r - a +1 buckler (worn)
 s - a +1 cloak of preservation (melded)
Jewellery
 b - a ring of positive energy
 e - an amulet of faith (around neck)
 j - a +5 ring of evasion (left branch)
 m - the amulet of Vitality {Regen+ HP+15}
   (You found it on level 5 of the Dungeon)

   [amulet of regeneration]

   HP:        It affects your health (+15).
   Regen:     It increases your rate of health regeneration.
 C - the ring "Eqyc" (right branch) {rN+ rCorr Int+6 Dex+2}
   (You found it on level 7 of the Dungeon)

   [ring of intelligence]

   Int:       It affects your intelligence (+6).
   Dex:       It affects your dexterity (+2).
   rN:        It protects you from negative energy.
   rCorr:     It protects you from acid and corrosion.
 E - a +6 ring of strength
Wands
 n - a wand of digging (6)
 x - a wand of flame (12) (quivered)
 D - a wand of polymorph (9)
 H - a wand of iceblast (6)
 I - a wand of paralysis (6)
Scrolls
 i - 2 scrolls of teleportation
 u - a scroll of summoning
 A - a scroll of fog
 J - a scroll of magic mapping
 K - a scroll of identify
Potions
 f - 3 potions of cancellation
 h - a potion of resistance
 k - 2 potions of flight
 t - 2 potions of invisibility
 v - a potion of berserk rage
 w - a potion of attraction
 z - 4 potions of haste


   Skills:
 + Level 10.7 Fighting
 + Level 13.9 Maces & Flails
 + Level 13.4 Armour
 + Level 6.4 Dodging
 + Level 6.3 Shields
 * Level 5.7 Evocations


You had 11 spell levels left.
You didn't know any spells.
Your spell library was empty.

Dungeon Overview and Level Annotations

Branches:
Dungeon (8/15)             Temple (0/1) D:7            Lair (2/6) D:8
  Snake (1/4) Lair:2      Ossuary (visited)
  Swamp: Lair:2-4    Shoals: Lair:2-4

Altars:
Kikubaaqudgha
Okawaru
Ru
Trog
Xom
The Shining One

Shops:
D:2 =   D:3 !

Annotations:
D:6 3 runed translucent doors, rougesareth's ghost, novice GrFi


Innate Abilities, Weirdness & Mutations

You are a tree.
Your roots penetrate the ground, keeping you stationary.
You cannot be teleported.
You are immune to unholy pain and torment.
Your maximum health is greatly increased.
Your equipment is partially melded.
((You have a pair of horns on your head.))
((You reflexively headbutt those who attack you in melee.))


Message History

* * * LOW HITPOINT WARNING * * *
You feel extremely sick. The black mamba barely misses you.
You furiously retaliate!
You headbutt the black mamba! The mana viper bites you.
* * * LOW HITPOINT WARNING * * *
You feel your power leaking away. The black mamba bites you!
* * * LOW HITPOINT WARNING * * *
You closely miss the black mamba. You headbutt the black mamba!
The black mamba is severely wounded.
* * * LOW HITPOINT WARNING * * *
You feel very sick. The black mamba barely misses you. You furiously retaliate!
You headbutt the black mamba!
You kill the black mamba!
Trog accepts your kill.
You feel much better.
You feel extremely sick. The mana viper bites you!
* * * LOW HITPOINT WARNING * * *
The naga ritualist prays to its god.
The naga ritualist begins to radiate toxic energy.
* * * LOW HITPOINT WARNING * * *
You are more poisoned.
You block the black mamba's attack.
The mana viper bites you but does no damage.
You hit the mana viper but do no damage.
The mana viper is almost dead.
* * * LOW HITPOINT WARNING * * *
You feel very sick.
* * * LOW HITPOINT WARNING * * *
You are more poisoned.
The black mamba completely misses you. You block the mana viper's attack.
Really quaff the potion of lignification?
You turn into a tree.
Your +1 cloak of preservation melds into your body.
Your +2 hat melds into your body.
Your +1 chain mail melds into your body.
Your roots penetrate the ground.
You die...

.###.. .#.. .....#
#... ..... #....
.... .....#.....#
##..#
....#≈≈♣..###...##
♣.....≈≈..#......#
....≈P....S♣.#
####..#.≈....S###
###............##
#.............#
.^..........N#
..#####....†## ###
##....######
#..........######
##................


You could see a naga ritualist (toxic aura), a mana viper and a black mamba.

Vanquished Creatures
  2 hydras (Lair:2)
  3 anacondas (Snake:1)
  A two-headed ogre (D:8)
  A naga sharpshooter (Snake:1)
  A shock serpent (Snake:1)
  Pikel (D:8)
  A mana viper (Snake:1)
  6 black mambas
  4 cane toads (Lair:1)
  6 komodo dragons
  A rime drake (Lair:1)
  2 basilisks (Lair:2)
  A wyvern (Lair:2)
  14 yaks
  A steam dragon (D:8)
  2 nagas (Snake:1)
  Duvessa (D:6)
  11 water moccasins
  An ice beast (D:7)
  A black bear (D:5)
  An orc warrior (D:6)
  2 sky beasts (D:5)
  3 wolves (Lair:1)
  5 ogres
  A scorpion (D:6)
  2 bullfrogs
  A gnoll sergeant (D:7)
  Dowan (D:6)
  6 killer bees (D:8)
  3 wights (D:8)
  A howler monkey (D:5)
  A centaur zombie (Ossuary)
  A bullfrog zombie (D:5)
  2 hounds (D:6)
  2 orc priests
  Crazy Yiuf (D:5)
  2 bullfrog skeletons
  2 iguanas
  3 orc wizards
  A killer bee zombie (D:8)
  4 ogre zombies (Ossuary)
  7 mummies (Ossuary)
  3 gnolls (D:7)
  A howler monkey skeleton (D:6)
  7 adders
  4 white imps
  4 adder zombies (Ossuary)
  A worm (D:1)
  2 dart slugs (D:3)
  14 orcs
  5 ball pythons
  3 bats
  2 endoplasms (D:1)
  4 giant cockroaches
  6 goblins (D:1)
  7 hobgoblins
  6 kobolds
  3 quokkas
  5 frilled lizards
  A gnoll zombie (Ossuary)
  3 goblin zombies (Ossuary)
  3 hobgoblin zombies (Ossuary)
  3 kobold zombies (Ossuary)
  2 orc zombies (Ossuary)
  6 quokka zombies (Ossuary)
  2 rats (D:1)
  3 rat zombies (Ossuary)
213 creatures vanquished.

Vanquished Creatures (collateral kills)
  A hydra (Lair:2)
  2 black mambas (Snake:1)
  5 yaks (Lair:2)
  A water moccasin (Lair:2)
9 creatures vanquished.

Vanquished Creatures (others)
  4 fungi
  15 plants
19 creatures vanquished.

Grand Total: 241 creatures vanquished

Notes
Turn   | Place    | Note
-------+----------+-------------------------------------------
     0 | D:1      | Randoe the Minotaur Berserker began the quest for the Orb.
     0 | D:1      | Reached XP level 1. HP: 19/19 MP: 0/0
   216 | D:1      | Reached XP level 2. HP: 17/27 MP: 1/1
  1179 | D:1      | Reached XP level 3. HP: 33/33 MP: 2/2
  1299 | D:1      | Reached ** piety under Trog
  1657 | D:2      | Found Itikeq's One-of-a-Kind Rings.
  1967 | D:3      | Reached XP level 4. HP: 19/41 MP: 3/3
  2366 | D:3      | Found a faded altar of an unknown god.
  2366 | D:3      | Found a glowing golden altar of the Shining One.
  2374 | D:3      | Found a faded altar of an unknown god.
  2377 | D:3      | Found an iron altar of Okawaru.
  2380 | D:3      | Found a bloodstained altar of Trog.
  2491 | D:3      | Reached skill level 5 in Maces & Flails
  2496 | D:3      | Identified a scroll of acquirement
  2496 | D:3      | Acquired 521 gold pieces
  2552 | D:3      | Found Askura Uhas's Distillery.
  3098 | D:2      | Bought a +5 ring of evasion for 550 gold pieces
  3211 | D:4      | Noticed an ogre
  3219 | D:4      | Killed an ogre
  3220 | D:4      | Reached XP level 5. HP: 27/47 MP: 4/4
  3458 | D:4      | You fall into a shaft and drop 1 floor!
  3458 | D:5      | Entered Level 5 of the Dungeon
  3510 | D:5      | Noticed a sky beast
  3525 | D:5      | Killed a sky beast
  3526 | D:5      | Reached skill level 5 in Fighting
  3526 | D:5      | Reached XP level 6. HP: 33/56 MP: 5/5
  3725 | D:5      | Noticed a sky beast
  3734 | D:5      | Killed a sky beast
  3762 | D:5      | Reached *** piety under Trog
  3765 | D:5      | Found a sand-covered staircase.
  3807 | Ossuary  | Entered an ossuary
  3998 | Ossuary  | Reached XP level 7. HP: 48/61 MP: 6/6
  4314 | Ossuary  | Reached **** piety under Trog
  4694 | D:5      | Found the amulet of Vitality {Regen+ HP+15}
  5011 | D:5      | Found a runed translucent door.
  5012 | D:5      | Noticed Crazy Yiuf
  5021 | D:5      | Killed Crazy Yiuf
  5174 | D:6      | Noticed Duvessa
  5174 | D:6      | Noticed Dowan
  5183 | D:6      | Killed Duvessa
  5184 | D:6      | Reached XP level 8. HP: 57/70 MP: 7/7
  5206 | D:6      | Killed Dowan
  5402 | D:6      | Found a runed translucent gate.
  5402 | D:6      | Found a runed translucent gate.
  5402 | D:6      | Found a runed translucent gate.
  5407 | D:6      | Noticed rougesareth's ghost (novice GrFi)
  5726 | D:6      | Found an ancient bone altar of Kikubaaqudgha.
  5726 | D:6      | Found a sacrificial altar of Ru.
  5925 | D:6      | Reached skill level 10 in Maces & Flails
  5925 | D:6      | Reached skill level 5 in Armour
  6754 | D:7      | Found a staircase to the Ecumenical Temple.
  6841 | D:7      | Identified the ring "Eqyc" {rN+ rCorr Int+6 Dex+2}
  7218 | D:8      | Noticed Pikel
  7229 | D:8      | Reached XP level 9. HP: 79/79 MP: 8/8
  7229 | D:8      | Killed Pikel
  7230 | D:8      | Reached skill level 1 in Shields
  7379 | D:8      | Noticed a two-headed ogre
  7389 | D:8      | Killed a two-headed ogre
  7390 | D:8      | Reached skill level 5 in Dodging
  7538 | D:8      | Found a staircase to the Lair.
  8151 | Lair:1   | Entered Level 1 of the Lair of Beasts
  8177 | Lair:1   | Identified the +1 ring mail of Nosy {-Cast Harm +Blink
                  | Dex+4}
  8229 | Lair:1   | Noticed a cane toad
  8238 | Lair:1   | Killed a cane toad
  8420 | Lair:1   | Found a shimmering altar of Xom.
  8490 | Lair:1   | Reached XP level 10. HP: 83/88 MP: 9/9
  8510 | Lair:1   | Reached skill level 10 in Armour
  8756 | Lair:1   | Noticed a cane toad
  8765 | Lair:1   | Killed a cane toad
  8781 | Lair:1   | Reached skill level 1 in Evocations
  9076 | Lair:1   | Noticed a cane toad
  9089 | Lair:1   | Killed a cane toad
  9520 | Lair:1   | Noticed a cane toad
  9531 | Lair:1   | Killed a cane toad
 10190 | Lair:2   | Reached XP level 11. HP: 96/97 MP: 10/10
 10493 | Lair:2   | Noticed a six-headed hydra
 10504 | Lair:2   | Killed a six-headed hydra
 10757 | Lair:2   | Reached ***** piety under Trog
 10763 | Lair:2   | Noticed a six-headed hydra
 10773 | Lair:2   | Killed a six-headed hydra
 10948 | Lair:2   | Noticed an eight-headed hydra
 10962 | Lair:2   | Killed an eight-headed hydra
 10963 | Lair:2   | Reached skill level 5 in Shields
 11235 | Lair:2   | Found a staircase to the Snake Pit.
 11560 | Lair:2   | Reached skill level 10 in Fighting
 11996 | Snake:1  | Entered Level 1 of the Snake Pit
 11996 | Snake:1  | Noticed a naga sharpshooter
 12014 | Snake:1  | Killed a naga sharpshooter
 12017 | Snake:1  | Reached skill level 5 in Evocations
 12336 | Snake:1  | Noticed a shock serpent
 12348 | Snake:1  | Killed a shock serpent
 12427 | Snake:1  | Noticed an anaconda
 12443 | Snake:1  | Killed an anaconda
 12444 | Snake:1  | Reached XP level 12. HP: 74/107 MP: 11/11
 12573 | Snake:1  | Noticed an anaconda
 12583 | Snake:1  | Killed an anaconda
 12642 | Snake:1  | Noticed an anaconda
 12653 | Snake:1  | Killed an anaconda
 12870 | Snake:1  | HP: 3/108 [poisoned by a black mamba]
 12873 | Snake:1  | Succumbed to a naga ritualist's toxic radiance

Illustrated notes

Levels and vault maps discovered:
D:1:      dpeg_arrival_brainrot, layout_basic, shapermc_ecumenical_altar_petra,
          minmay_tetromino_i4
D:2:      layout_basic, nicolae_shop_unique_rings
D:3:      layout_basic, chequers_temple_overflow_minitemple, serial_shops,
          nicolae_shop_hallway_plus
D:4:      layout_basic, serial_forest, infiniplex_forest_straight_1,
          infiniplex_forest_straight_1, infiniplex_forest_lined_corner,
          infiniplex_forest_diagonal, infiniplex_forest_join,
          infiniplex_forest_lined_3_way, infiniplex_forest_zigzag_2,
          infiniplex_forest_clump_tiny
D:5:      layout_loops_ring, lightli_ossuary_entry_decrepit_ruins,
          uniq_crazy_yiuf_cottage
D:6:      layout_gridville, gammafunk_temple_overflow_elements,
          gammafunk_ghost_necromancy, uniq_duvessa
D:7:      layout_rooms, minmay_temple_entry_water_ring
D:8:      layout_basic, lair_entry_dummy, uniq_pikel
Lair:1:   layout_long_grid, basic_altar, grunt_megastairs_4
Lair:2:   layout_long_grid, minmay_snake_entry_six_corridors
Snake:1:  minmay_snake_river, layout_layer_cave, serial_shops,
          nicolae_shop_trees, basic_altar, serial_bayou_pond_e

Skill      XL: |  1  2  3  4  5  6  7  8  9 10 11 12 |
---------------+-------------------------------------+-----
Maces & Flails | 4 5 6 7 9 10 11 12 13 | 13.9
Fighting       | 4 5 6 7 8 9 10 | 10.7
Dodging        | 3 4 5 6 |  6.4
Armour         | 3 4 6 9 11 13 | 13.4
Shields        | 2 4 5 6 |  6.3
Evocations     | 3 5 |  5.7

Action                   |  1- 3 |  4- 6 |  7- 9 | 10-12 || total
-------------------------+-------+-------+-------+-------++-------
Melee: Mace              |    80 |   124 |   267 |   307 ||   778
       Headbutt          |     6 |    22 |    68 |    94 ||   190
Invok: Trog's Hand       |     1 |       |     3 |     2 ||     6
       Berserk           |       |       |     2 |     1 ||     3
       Brothers in Arms  |       |       |       |     1 ||     1
  Use: Scroll            |     6 |     3 |    15 |     6 ||    30
       Potion            |       |       |     2 |     8 ||    10
Armor: Animal skin       |    34 |     5 |       |       ||    39
       Chain mail        |       |    37 |   135 |   138 ||   310
Dodge: Dodged            |    53 |    65 |   178 |   224 ||   520
Block: Buckler           |       |       |    23 |    96 ||   119

Table legend: (Time is in decaauts)
 A = Elapsed time spent in this place.
 B = Non-inter-level travel time spent in this place.
 C = Inter-level travel time spent in this place.
 D = Time resting spent in this place.
 E = Time spent auto-exploring this place.
 F = Levels seen in this place.
 G = Mean time per level.
                   A        B        C        D        E       F      G
               +--------+--------+--------+--------+--------+-----+--------+
         Total |  12828 |  12248 |    580 |   4121 |   5913 |  12 | 1069.0 |
       Dungeon |   7564 |   7055 |    509 |   1402 |   4318 |   8 |  945.5 |
          Lair |   4096 |   4025 |     71 |   2342 |   1165 |   2 | 2048.0 |
     Snake Pit |    564 |    564 |      0 |    349 |     91 |   1 |  564.0 |
       Ossuary |    602 |    602 |      0 |     28 |    339 |   1 |  602.0 |
               +--------+--------+--------+--------+--------+-----+--------+

Top non-repeatable levels by time:
  Lair:2: 2354 daAuts
  Lair:1: 1741 daAuts
     D:1: 1473 daAuts
     D:6: 1218 daAuts
     D:3: 1137 daAuts
     D:5: 1124 daAuts
     D:8: 937 daAuts
     D:7: 803 daAuts
 Ossuary: 602 daAuts
     D:2: 576 daAuts
 Snake:1: 564 daAuts
     D:4: 292 daAuts
